 Dungeon Crawl Stone Soup version 0.30.1 (webtiles) character file.

Game seed: 11927604701500652457

143 javelincjr the Covered (level 5, -1/41 HPs)
             Began as a Gnoll Wanderer on July 11, 2023.
             Succumbed to an orc wizard's poison
             ... on level 3 of the Dungeon.
             The game lasted 00:04:59 (1997 turns).

javelincjr the Covered (Gnoll Wanderer)             Turns: 1997, Time: 00:04:59

Health: -1/41      AC: 10    Str: 15    XL:     5   Next: 25%
Magic:  18/18      EV:  7    Int: 14    God:
Gold:   90         SH:  0    Dex:  7    Spells: 10/10 levels left

rFire   + . .        f - +2 mace (heavy)
rCold   + . .        (no shield)
rNeg    . . .        m - +0 chain mail
rPois   +            (no helmet)
rElec   +            (no cloak)
rCorr   +            (no gloves)
SInv    .            (no boots)
Will    .....        (no amulet) Stlth
                     g - ring of magical power
HPRegen 0.26/turn    (no ring)
MPRegen 0.16/turn

%: no passive effects
@: lethally poisoned (-1 -> -7), resistant
A: fangs 1, strong nose, distributed training
a: no special abilities


You were on level 3 of the Dungeon.
You visited 1 branch of the dungeon, and saw 3 of its levels.

You collected 90 gold pieces.

Inventory:

Hand Weapons
 a - a +2 short sword
 b - a +0 mace
 f - a +2 heavy mace (weapon)
Armour
 c - a +0 ring mail
 m - a +0 chain mail (worn)
Jewellery
 g - a ring of magical power (left hand)
Scrolls
 d - a scroll of vulnerability
 e - 2 scrolls of immolation {unknown}
 i - a scroll of summoning {unknown}
 j - a scroll of teleportation {unknown}
 k - 2 scrolls of brand weapon {unknown}
 l - 4 scrolls of identify {unknown}
Potions
 h - 2 potions of curing {unknown}
 n - 2 potions of resistance
 o - a potion of attraction {unknown}
 p - a potion of heal wounds {unknown}
 q - a potion of lignification {unknown}
 r - a potion of brilliance {unknown}
 s - a potion of flight {unknown}
 t - a potion of degeneration {unknown}


   Skills:
 + Level 3.0 Fighting
 + Level 4.8 Short Blades
 + Level 1.4 Long Blades
 + Level 1.4 Axes
 + Level 6.7 Maces & Flails
 + Level 1.4 Polearms
 + Level 1.4 Staves
 + Level 1.4 Ranged Weapons
 + Level 1.4 Throwing
 + Level 6.7 Armour
 + Level 1.4 Dodging
 + Level 1.4 Stealth
 + Level 1.4 Shields
 + Level 1.4 Unarmed Combat
 + Level 3.1 Spellcasting
 + Level 1.1 Conjurations
 + Level 1.1 Hexes
 + Level 1.1 Summonings
 + Level 1.1 Necromancy
 + Level 1.1 Translocations
 + Level 1.1 Transmutations
 + Level 1.1 Fire Magic
 + Level 1.1 Ice Magic
 + Level 1.1 Air Magic
 + Level 1.1 Earth Magic
 + Level 1.1 Poison Magic
 + Level 1.6 Invocations
 + Level 1.4 Evocations


You had 10 spell levels left.
You didn't know any spells.
Your spell library contained the following spells:

 Spells                   Type           Power      Damage    Failure   Level
 Lesser Beckoning         Tloc           10%        N/A       91%         2
 Sublimation of Blood     Necr           5%         N/A       91%         2
 Wereblood                Tmut           5%         N/A       91%         2
 Gell's Gravitas          Tloc           5%         N/A       99%         3
 Teleport Other           Tloc           5%         N/A       99%         3
 Summon Hydra             Summ           2%         N/A       100%        7


Dungeon Overview and Level Annotations

Branches:
Dungeon (3/15)

Altars:
Yredelemnul


Innate Abilities, Weirdness & Mutations

You have very sharp teeth.
Your uncanny sense of smell can sniff out nearby items.
Your experience applies equally to all skills.


Message History

You are poisoned.
Something hits you.
You are more poisoned.
You have reached level 5!
You barely miss the orc.
You feel very sick.
The orc hits you with a +3 short sword of venom.
Something hits you but does no damage.
You are more poisoned.
You sock the orc!
You kill the orc!
You feel very sick. Something hits you. Something hits you but does no damage.
You are lethally poisoned!
Unknown command.
You are too injured to fight recklessly!
You are too injured to fight recklessly!
You are too injured to fight recklessly!
Unknown command.
You are too injured to fight recklessly!
You are too injured to fight recklessly!
You sock something!
Reactivating autopickup.
You feel a bit more experienced.
* * * LOW HITPOINT WARNING * * *
You feel extremely sick.
Your Fighting skill increases to level 3!
* * * LOW HITPOINT WARNING * * *
You feel very sick.
Things that are here:
a +2 dagger of venom; a +0 robe
* * * LOW HITPOINT WARNING * * *
You feel very sick.
* * * LOW HITPOINT WARNING * * *
You feel sick.
Things that are here:
a +2 dagger of venom; a +0 robe It was a potion of resistance.
You feel protected.
You die...

#...# #. ##...## #...#
#.#... #.###.....# #...#
#.#...# #...#.....#
...###..... .........#
.....#....#
........####.##....#.## #
#.......##.##........ ..#^
#...))#.##)#........# $....
#...@.).......#.....# .....
#..###.###.##.......#
..?..##.# #'# ###..#.....#
........# ..^ #.........#
......#.# ^..^^ #..#......#
.......g###.^^###......>...
.......o# ^._.^ #..#<......
........# ##### #..#.......
######l.#########..#....##.


There were no monsters in sight!

Vanquished Creatures
  An orc priest (D:3)
  An orc wizard (D:3)
  2 adders (D:2)
  A dart slug (D:1)
  4 orcs (D:3)
  8 endoplasms
  A giant cockroach (D:2)
  8 hobgoblins
  8 jackals (D:1)
  9 kobolds
  3 quokkas
  2 ball pythons (D:2)
  A bat (D:2)
  A frilled lizard (D:3)
  4 goblins
  2 rats
  A spectral orc (D:3)
57 creatures vanquished.

Notes
Turn   | Place    | Note
-------+----------+-------------------------------------------
     0 | D:1      | javelincjr the Gnoll Wanderer began the quest for the Orb.
     0 | D:1      | javelincjr set off with the following items: a +2 short
                  | sword, a +0 mace, a +0 ring mail, a scroll of
                  | vulnerability.
     0 | D:1      | Reached XP level 1. HP: 17/17 MP: 4/4
    56 | D:1      | Reached XP level 2. HP: 20/23 MP: 5/5
   512 | D:1      | Reached XP level 3. HP: 28/28 MP: 7/7
   936 | D:1      | Reached skill level 1 in Invocations
  1303 | D:2      | Reached skill level 1 in Long Blades
  1303 | D:2      | Reached skill level 1 in Axes
  1303 | D:2      | Reached skill level 1 in Polearms
  1303 | D:2      | Reached skill level 1 in Staves
  1303 | D:2      | Reached skill level 1 in Ranged Weapons
  1303 | D:2      | Reached skill level 1 in Throwing
  1303 | D:2      | Reached skill level 1 in Dodging
  1303 | D:2      | Reached skill level 1 in Stealth
  1303 | D:2      | Reached skill level 1 in Shields
  1303 | D:2      | Reached skill level 1 in Unarmed Combat
  1303 | D:2      | Reached skill level 1 in Evocations
  1323 | D:2      | Reached XP level 4. HP: 32/34 MP: 8/8
  1374 | D:2      | Found a faded altar of an unknown god.
  1374 | D:2      | Noticed a great orb of eyes
  1376 | D:2      | Noticed a shining eye
  1377 | D:2      | Noticed an eye of devastation
  1377 | D:2      | Noticed a great orb of eyes
  1828 | D:3      | Reached skill level 1 in Conjurations
  1828 | D:3      | Reached skill level 1 in Hexes
  1828 | D:3      | Reached skill level 1 in Summonings
  1828 | D:3      | Reached skill level 1 in Necromancy
  1828 | D:3      | Reached skill level 1 in Translocations
  1828 | D:3      | Reached skill level 1 in Transmutations
  1828 | D:3      | Reached skill level 1 in Fire Magic
  1828 | D:3      | Reached skill level 1 in Ice Magic
  1828 | D:3      | Reached skill level 1 in Air Magic
  1828 | D:3      | Reached skill level 1 in Earth Magic
  1828 | D:3      | Reached skill level 1 in Poison Magic
  1982 | D:3      | Found a basalt altar of Yredelemnul.
  1991 | D:3      | Reached XP level 5. HP: 31/40 MP: 9/9
  1996 | D:3      | HP: 1/41 [poisoned by an orc wizard]
  1997 | D:3      | Succumbed to an orc wizard's poison

Illustrated notes

Levels and vault maps discovered:
D:1:      mrwooster_arrival_statue_2, layout_basic
D:2:      layout_loops_ring, hellmonk_ecumenical_altar_watching_god,
          minmay_misc_feat_encased, serial_bayou_pond_a, nrook_mini_vaults,
          serial_bayou_lagoon_a
D:3:      layout_rooms, yredelemnul_forgotten_temple_becter,
          mainiacjoe_overflow_six_doors_small

Skill      XL: |  1  2  3  4  5 |
---------------+----------------+-----
Invocations    | 1 |  1.6
Long Blades    | 1 |  1.4
Axes           | 1 |  1.4
Polearms       | 1 |  1.4
Staves         | 1 |  1.4
Ranged Weapons | 1 |  1.4
Throwing       | 1 |  1.4
Dodging        | 1 |  1.4
Stealth        | 1 |  1.4
Shields        | 1 |  1.4
Unarmed Combat | 1 |  1.4
Evocations     | 1 |  1.4
Spellcasting   | 3 |  3.1
Conjurations   | 1 |  1.1
Hexes          | 1 |  1.1
Summonings     | 1 |  1.1
Necromancy     | 1 |  1.1
Translocations | 1 |  1.1
Transmutations | 1 |  1.1
Fire Magic     | 1 |  1.1
Ice Magic      | 1 |  1.1
Air Magic      | 1 |  1.1
Earth Magic    | 1 |  1.1
Poison Magic   | 1 |  1.1
Fighting       | 3 |  3.0
Short Blades   | |  4.8
Maces & Flails | |  6.7
Armour         | |  6.7

Action                     |  1- 3 |  4- 6 || total
---------------------------+-------+-------++-------
  Melee: Short sword       |    32 |       ||    32
         Bite              |     4 |     2 ||     6
         Mace              |    61 |    60 ||   121
         Punch             |       |     1 ||     1
    Use: Potion            |       |     1 ||     1
 Armour: Ring mail         |    28 |       ||    28
         Chain mail        |    21 |    36 ||    57
  Dodge: Dodged            |    52 |    30 ||    82
